 Dungeon Crawl Stone Soup version 0.21.1-1-g345015f (webtiles) character file.

107 RipGuy the Shield-Bearer (level 4, -5/40 HPs)
             Began as a Minotaur Fighter on Apr 1, 2018.
             Killed by nerve-wracking pain
             ... invoked by an orc priest
              (12 damage)
             ... on level 3 of the Dungeon.
             The game lasted 00:04:42 (2056 turns).

RipGuy the Shield-Bearer (Minotaur Fighter)         Turns: 2056, Time: 00:04:43

Health: -5/40      AC:  9    Str: 22    XL:     4   Next: 56%
Magic:  3/3        EV:  4    Int:  5    God:
Gold:   91         SH: 14    Dex:  9    Spells: 3/3 levels left

rFire    . . .     SeeInvis .   a - +0 war axe
rCold    . . .     Gourm    .   q - +0 large shield
rNeg     . . .     Faith    .   r - +0 chain mail
rPois    .         Spirit   .   (helmet restricted)
rElec    .         Reflect  .   (no cloak)
rCorr    .         Harm     .   (no gloves)
MR       .....                  (no boots)
Stlth    ..........             (no amulet)
HPRegen  0.13/turn              (no ring)
MPRegen  0.08/turn              (no ring)

@: no status effects
A: retaliatory headbutt, horns 2
a: no special abilities


You were on level 3 of the Dungeon.
You were not hungry.

You visited 1 branch of the dungeon, and saw 3 of its levels.

You collected 91 gold pieces.

Inventory:

Hand Weapons
 a - a +0 war axe (weapon)
Missiles
 e - a throwing net (quivered)
Armour
 b - a +0 scale mail
 c - a +0 shield
 h - a +0 ring mail
 n - a +2 leather armour of poison resistance
 p - a +0 naga barding
 q - a +0 large shield (worn)
 r - a +0 chain mail (worn)
Scrolls
 j - 2 scrolls of amnesia {unknown}
 k - 2 scrolls of enchant armour {unknown}
 l - a scroll of identify {unknown}
Potions
 d - a potion of might
 g - a potion of haste {unknown}
 i - a potion of degeneration {unknown}
 m - a potion of flight {unknown}
 o - a potion of heal wounds {unknown}
Comestibles
 f - 2 rations


   Skills:
 + Level 4.0 Fighting
 + Level 4.2 Axes
 + Level 4.2 Armour
 + Level 0.9 Dodging
 + Level 4.4 Shields


You had 3 spell levels left.
You didn't know any spells.

Dungeon Overview and Level Annotations

Branches:
Dungeon (3/15)

Altars:
Trog


Innate Abilities, Weirdness & Mutations

You reflexively headbutt those who attack you in melee.
You have a pair of horns on your head.


Message History

You kill the orc!
You hit the orc priest. You hit the orc.
You kill the orc!
Your Axes skill increases to level 4!
Your shield prevents you from hitting the orc wizard.
The orc wizard hits you but does no damage.
You block the orc priest's attack.
The orc wizard gestures at you while chanting.
The puff of frost hits you!
* * * LOW HITPOINT WARNING * * *
The orc wizard hits you but does no damage.
Things that are here:
a club x2
You slash the orc wizard!
You kill the orc wizard!
You hit the orc priest but do no damage.
You block the orc priest's attack.
The orc priest mumbles some strange prayers to Beogh against you.
Pain shoots through your body!
You die...

#.....# #.....# .#
####.....# .# .
.........# ####.#
.# ###......#
#....+ ...
#......###
#(..##...#
#........#
#........
#.#......####))..#
#.......รท.$..o@.>#
##.......#...#####
#.......#...#
#.......#...#
#.#....##...#
#.#....##...# #
#....###### #....#
######


You could see an orc priest.

Vanquished Creatures
  An orc wizard (D:3)
  4 adders
  An ooze (D:2)
  A leopard gecko (D:2)
  4 orcs (D:3)
  3 giant cockroaches (D:2)
  6 goblins
  3 ball pythons (D:2)
  4 bats (D:2)
  A frilled lizard (D:2)
  7 kobolds
  2 rats (D:2)
37 creatures vanquished.

Notes
Turn   | Place    | Note
-------+----------+-------------------------------------------
     0 | D:1      | RipGuy the Minotaur Fighter began the quest for the Orb.
     0 | D:1      | Reached XP level 1. HP: 19/19 MP: 0/0
   815 | D:2      | Reached XP level 2. HP: 27/27 MP: 1/1
   837 | D:2      | Found a faded altar of an unknown god.
   969 | D:2      | Reached XP level 3. HP: 28/33 MP: 2/2
  1021 | D:2      | Found a bloodstained altar of Trog.
  1828 | D:3      | Reached XP level 4. HP: 29/40 MP: 3/3
  2056 | D:3      | Killed from afar by an orc priest

Skill      XL: |  1  2  3  4 |
---------------+-------------+-----
Shields        | 4 |  4.4
Axes           | 3 4 |  4.2
Armour         | 4 |  4.2
Fighting       | 4 |  4.0
Dodging        | |  0.9

Action                   |  1- 3 |  4- 6 || total
-------------------------+-------+-------++-------
Melee: War axe           |    80 |    10 ||    90
       Headbutt          |     7 |       ||     7
  Eat: Chunk             |     2 |       ||     2
       Ration            |     1 |       ||     1
Armor: Scale mail        |    40 |       ||    40
       Chain mail        |     5 |     7 ||    12
Dodge: Dodged            |    31 |     3 ||    34
Block: Shield            |    35 |       ||    35
       Large shield      |    41 |    18 ||    59
